 Dungeon Crawl Stone Soup version 0.29.0-4-gdea44cf6ec (webtiles) character file.

Game seed: 16893162353087753576

42 qw the Chopper (level 3, -1/21 HPs)
             Began as a Tengu Warper on Aug 28, 2022.
             Slain by an adder (3 damage)
             ... on level 2 of the Dungeon.
             The game lasted 00:00:08 (1433 turns).

qw the Chopper (Tengu Warper)                       Turns: 1433, Time: 00:00:09

Health: -1/21      AC:  5    Str: 13    XL:     3   Next: 56%
Magic:  7/7        EV: 11    Int: 13    God:
Gold:   84         SH:  0    Dex: 13    Spells: 6/6 levels left

rFire   . . .      SeeInvis +   Y - +0 hand axe
rCold   . . .      Faith    .   (no shield)
rNeg    . . .      Spirit   .   f - +0 ring mail
rPois   .          Reflect  .   (helmet restricted)
rElec   .          Harm     .   (no cloak)
rCorr   .          Rampage  .   (no gloves)
Will    .....                   (boots unavailable)
Stlth   +.........              (no amulet)
HPRegen 0.07/turn               h - ring of see invisible
MPRegen 0.10/turn               (no ring)

@: no status effects
A: beak, talons 3
a: no special abilities


You were on level 2 of the Dungeon.
You visited 1 branch of the dungeon, and saw 2 of its levels.

You collected 84 gold pieces.


Innate Abilities, Weirdness & Mutations

You have a beak for a mouth.
You have claws for feet.


   Skills:
 - Level 2.0 Fighting
 + Level 4.2 Axes
 - Level 1.0 Throwing
 - Level 1.1 Armour
 - Level 2.1 Dodging
 - Level 2.0 Spellcasting
 - Level 2.4 Translocations


You had 6 spell levels left.
You didn't know any spells.
Your spell library contained the following spells:

 Spells                   Type           Power      Damage    Failure   Level
 Blink                    Tloc           14%        N/A       30%         2
 Gell's Gravitas          Tloc           7%         N/A       52%         3
 Lesser Beckoning         Tloc           7%         N/A       52%         3
 Teleport Other           Tloc           7%         N/A       52%         3
 Manifold Assault         Tloc           7%         N/A       99%         5

Inventory:

Hand Weapons
 g - a +0 flail
 Y - a +0 hand axe (weapon)
Armour
 f - a +0 ring mail (worn)
Jewellery
 h - a ring of see invisible (left hand)
Scrolls
 a - 2 scrolls of identify
Potions
 b - a potion of curing {unknown}

Dungeon Overview and Level Annotations

Branches:
Dungeon (2/15)

Altars:
Cheibriados

Annotations:
D:2 Terence


Message History

You hit Terence but do no damage. You claw Terence, but do no damage.
You hit the adder but do no damage. Terence closely misses you.
The adder misses you.
You hit Terence but do no damage. You claw Terence, but do no damage.
You closely miss the adder. The adder bites you.
Terence hits you with a +0 mace of protection.
The adder barely misses you.
You barely miss Terence. You peck Terence, but do no damage.
You miss the adder.
Terence hits you with a +0 mace of protection.
The adder closely misses you.
You closely miss Terence. You miss the adder.
Terence bares his teeth.
Terence hits you with a +0 mace of protection.
The adder misses you.
You hit Terence but do no damage. You claw Terence, but do no damage.
You barely miss the adder. The adder bites you but does no damage.
Terence hits you with a +0 mace of protection.
The adder barely misses you.
You hit Terence but do no damage. You peck Terence, but do no damage.
You hit the adder but do no damage. Terence barely misses you.
The adder closely misses you. Terence barely misses you.
You hit Terence but do no damage. You claw Terence. Your peck misses Terence.
Terence is lightly wounded.
You miss the adder. The adder barely misses you. The adder misses you.
Terence screams, "I'm going to kill you!"
Terence hits you with a +0 mace of protection.
You hit Terence but do no damage.
Terence is lightly wounded.
You hit the adder but do no damage. The adder misses you.
Terence hits you with a +0 mace of protection.
You hit Terence but do no damage.
Terence is lightly wounded.
You barely miss the adder. The adder bites you.
You die...

##<#### #.# ###..#
#.# ##...## #.#
.>.#########.#####
.................#
##############...#
##..# ##.## #@.#
#@S# #.>.. #...##
#.#.# ..... .##...
( ...#


You could see Terence and an adder.

Vanquished Creatures
  3 dart slugs (D:1)
  2 bats (D:1)
  5 endoplasms
  3 giant cockroaches (D:1)
  2 goblins (D:1)
  A hobgoblin (D:1)
  2 jackals (D:1)
  3 kobolds (D:1)
  A quokka (D:1)
  4 ball pythons
  4 frilled lizards (D:1)
  3 rats (D:1)
33 creatures vanquished.

Notes
Turn   | Place    | Note
-------+----------+-------------------------------------------
     0 | D:1      | qw the Tengu Warper began the quest for the Orb.
     0 | D:1      | Reached XP level 1. HP: 12/12 MP: 4/4
     0 | D:1      | 0 ||| qw: Version: 0.1-a-89-g26bdef1
     0 | D:1      | 0 ||| qw: Game counter: 499
     0 | D:1      | 0 ||| qw: Always use a shield: true
     0 | D:1      | 0 ||| qw: God list: Okawaru
     0 | D:1      | 0 ||| qw: Allow faded altars: false
     0 | D:1      | 0 ||| qw: Do Orc after D:15 true
     0 | D:1      | 0 ||| qw: Do second Lair branch before Depths: true
     0 | D:1      | 0 ||| qw: Lair rune preference: random
     0 | D:1      | 0 ||| qw: Plans: Normal
     0 | D:1      | 0 ||| PLANNING D:1-11
    50 | D:1      | 50 ||| Stepping ~*~*~tactically~*~*~ (stealth).
   119 | D:1      | Reached skill level 3 in Axes
   119 | D:1      | Reached XP level 2. HP: 16/17 MP: 6/6
   452 | D:1      | 452 ||| Stepping ~*~*~tactically~*~*~ (hiding).
   563 | D:1      | 563 ||| Stepping ~*~*~tactically~*~*~ (stealth).
   569 | D:1      | Reached XP level 3. HP: 21/21 MP: 7/7
   683 | D:1      | Found a faded altar of an unknown god.
   755 | D:1      | Reached skill level 4 in Axes
  1288 | D:1      | 1288 ||| UPGRADING to +0 ring mail.
  1298 | D:1      | 1298 ||| DROPPING +0 leather armour.
  1299 | D:1      | 1299 ||| UPGRADING to ring of see invisible.
  1300 | D:1      | 1300 ||| READING 2 scrolls labelled KISAOZ TONN.
  1301 | D:1      | 1301 ||| READING scroll labelled KUEJYQ SEDUNU.
  1302 | D:1      | 1302 ||| READING 2 scrolls labelled YLYJACSUDOU.
  1303 | D:1      | 1303 ||| DRINKING 2 emerald potions.
  1304 | D:1      | 1304 ||| DRINKING 2 blue potions.
  1305 | D:1      | 1305 ||| DROPPING scroll of blinking.
  1306 | D:1      | 1306 ||| DROPPING potion of flight.
  1307 | D:1      | 1307 ||| DROPPING potion of attraction.
  1308 | D:1      | 1308 ||| DROPPING scroll of amnesia.
  1348 | D:2      | Found a snail-covered altar of Cheibriados.
  1418 | D:2      | Noticed Terence
  1432 | D:2      | HP: 2/21 [Terence/+0 mace of protection (5)]
  1433 | D:2      | Slain by an adder

Levels and vault maps discovered:
D:1:      giann_wishing_wells, layout_basic, shapermc_ecumenical_altar_petra,
          chequers_serial_rivers_micro_a
D:2:      kennysheep_six_static_rooms, layout_rooms, basic_altar, uniq_terence

Skill      XL: |  1  2  3 |
---------------+----------+-----
Axes           | 3 4 |  4.2
Fighting       | |  2.0
Throwing       | |  1.0
Armour         | |  1.1
Dodging        | |  2.1
Spellcasting   | |  2.0
Translocations | |  2.4

Action                   || total
-------------------------++-------
Melee: Hand axe          ||    92
       Kick              ||    26
       Peck              ||     7
Throw: Boomerang         ||     7
  Use: Scroll            ||     3
       Potion            ||     2
Armor: Leather armour    ||    16
       Ring mail         ||     4
Dodge: Dodged            ||    50

Table legend:
 A = Non-vault XP
 B = Vault XP
 C = Vault XP percentage of total XP
 D = Non-vault monster count
 E = Vault monster count
 F = Vault count percentage of total count
                 A         B        C        D         E       F
            +---------+---------+-------+---------+---------+-------
      Total |      61 |       0 |   0.0 |      33 |       0 |   0.0
            +---------+---------+-------+---------+---------+-------
        D:1 |      58 |       0 |   0.0 |      31 |       0 |   0.0
        D:2 |       3 |       0 |   0.0 |       2 |       0 |   0.0
            +---------+---------+-------+---------+---------+-------
